AoeStats
← Toruk Makto

African Clearing

510345723Analyzed
4v4 RM · 13h ago on Sep 30, 2026· 30m 55s· 8 players
Game mode
Random Map
Map size
Large (8 player)
Population
200
Speed
Normal
Resources
Standard
Victory
Conquest
Starting age
Dark Age
Ending age
Imperial Age
RankedLock teamsTeams togetherTeam positionsShared explorationLock speedFull tech treeHidden civsTurbo modeCheats
Victory
Defeat
🇮🇳 Gurjaras · India
1215
+18
🇧🇷 Franks · Brazil
1199
+14
🇧🇷 Franks · Brazil
1132
+16
🇨🇳 Spanish · China
1128
+16
🇭🇺 Teutons · Hungary
1176
-16
🇩🇪 Magyars · Germany
1141
-15
🇫🇷 Koreans · France
1133
-14
🇬🇷 Malians · Greece
1128
-14
KLEGE_MOULIKO
6:17 Loom
13:17 Feudal Age
13:54 Double-Bit Axe
14:01 Gold Mining
15:03 Horse Collar
19:45 Castle Age
20:53 Bow Saw
20:45 Heavy Plow
Doppinger
4:13 Loom
13:24 Feudal Age
14:00 Double-Bit Axe
17:16 Horse Collar
18:31 Wheelbarrow
21:17 Castle Age
20:47 Forging
21:25 Bloodlines
21:22 Scale Barding Armor
28:50 Chain Barding Armor
30:35 Bow Saw
krafrijo
15:48 Feudal Age
19:52 Castle Age
18:42 Scale Barding Armor
19:40 Loom
22:22 Pikeman
joueur1andre
5:35 Loom
14:32 Feudal Age
15:27 Double-Bit Axe
17:03 Horse Collar
17:49 Town Watch
18:25 Fletching
19:45 Wheelbarrow
23:36 Castle Age
22:37 Gold Mining
23:45 Crossbowman
24:21 Bodkin Arrow
25:05 Bow Saw
26:43 Hand Cart
种田低手
5:20 Loom
13:33 Feudal Age
17:16 Castle Age
15:48 Double-Bit Axe
16:14 Horse Collar
17:25 Padded Archer Armor
18:43 Padded Archer Armor
19:40 Leather Archer Armor
23:29 Bloodlines
27:33 Leather Archer Armor
30:50 Husbandry
Makarov99
6:28 Loom
15:32 Feudal Age
19:38 Castle Age
21:29 Stone Mining
种田美眉
4:13 Loom
14:44 Feudal Age
15:37 Town Watch
23:46 Castle Age
23:59 Double-Bit Axe
24:44 Husbandry
27:04 Town Patrol
27:13 Scale Barding Armor
27:18 Forging
29:26 Fletching
30:34 Bow Saw
Toruk Makto
9:48 Loom
12:41 Feudal Age
16:29 Castle Age
14:12 Horse Collar
14:22 Double-Bit Axe
17:25 Bow Saw
18:05 Horse Collar
21:14 Wheelbarrow
22:45 Town Watch
23:03 Scale Mail Armor
23:59 Heavy Plow
27:29 Forging
27:38 Arson
28:57 Iron Casting
29:41 Hand Cart
30:18 Chain Mail Armor
30:14 Gold Mining
31:34 Town Patrol
Connection lost

Rejoining the realm…

Still unreachable

The connection could not be restored.

Session expired

The server has moved on; the page needs a fresh start.